 Dungeon Crawl Stone Soup version 0.29.1-14-g9c671dbff4 (webtiles) character file.

Game seed: 17197410686321400996

109 FexLirch the Shooter (level 5, -1/38 HPs)
             Began as a Formicid Hunter on Feb 21, 2023.
             Was a Believer of Makhleb.
             Slain by an orc
             ... wielding a +0 hand axe
              (4 damage)
             ... on level 3 of the Dungeon.
             The game lasted 00:02:59 (2209 turns).

FexLirch the Shooter (Formicid Hunter)              Turns: 2209, Time: 00:03:00

Health: -1/38      AC:  3    Str: 16    XL:     5   Next: 13%
Magic:  5/5        EV: 12    Int:  8    God:    Makhleb [**....]
Gold:   74         SH:  0    Dex: 19    Spells: 4/4 levels left

rFire   + . .      SeeInvis +   a - +0 shortbow
rCold   . . .      Faith    .   (no shield)
rNeg    . . .      Spirit   .   c - +0 leather armour
rPois   .          Reflect  .   (helmet unavailable)
rElec   .          Harm     .   (no cloak)
rCorr   .          Rampage  .   (no gloves)
Will    .....                   (no boots)
Stlth   ++........              (no amulet)
HPRegen 0.12/turn               g - ring of protection from fire
MPRegen 0.09/turn               o - ring of wizardry

@: no status effects
A: permanent stasis, dig shafts and tunnels, antennae 3, four strong arms
a: Dig, Shaft Self, Renounce Religion, Minor Destruction


You were on level 3 of the Dungeon.
You worshipped Makhleb.
Makhleb was pleased with you.
You visited 1 branch of the dungeon, and saw 3 of its levels.

You collected 74 gold pieces.

Inventory:

Hand Weapons
 a - a +0 shortbow (weapon)
Armour
 c - a +0 leather armour (worn)
Jewellery
 g - a ring of protection from fire (left hand)
 o - a ring of wizardry (right hand)
Wands
 p - a wand of roots (4)
Scrolls
 b - 2 scrolls of immolation
 e - a scroll of torment {unknown}
 f - a scroll of magic mapping {unknown}
 h - 2 scrolls of identify {unknown}
 m - a scroll of vulnerability {unknown}
 q - a scroll of fear {unknown}
Potions
 d - a potion of resistance {unknown}
 i - a potion of flight {unknown}
 j - a potion of brilliance {unknown}
 k - 2 potions of degeneration {unknown}
 l - a potion of might {unknown}
 n - 2 potions of curing {unknown}


   Skills:
 - Level 2.1 Fighting
 + Level 6.1 Ranged Weapons
 - Level 1.7 Dodging
 - Level 1.2 Stealth


You had 4 spell levels left.
You didn't know any spells.
Your spell library was empty.

Dungeon Overview and Level Annotations

Branches:
Dungeon (3/15)

Altars:
Makhleb

Annotations:
D:3 Ijyb


Innate Abilities, Weirdness & Mutations

You cannot be hasted, slowed, berserked, paralysed or teleported.
You can dig through walls and to a lower floor.
You have a pair of large antennae on your head. (SInv)
Your four strong arms can wield two-handed weapons with a shield.


Message History

Makhleb accepts your kill. Ijyb barely misses you.
Ijyb hits you with a +0 club.
Fire: a) +0 shortbow
Press: ? - help, Q - select action, (/) - cycle Shift-Dir - straight line, f/p - Ijyb
Aim: Ijyb, wielding a +0 club, wearing a +0 chain mail and carrying a wand of flame (12) (moderately wounded, fast, 65% to hit)
You shoot an arrow. The arrow hits Ijyb.
Ijyb is heavily wounded.
Ijyb barely misses you.
An orc comes into view. It is wielding a +0 hand axe.
Ijyb barely misses you.
Fire: a) +0 shortbow
Press: ? - help, Q - select action, (/) - cycle Shift-Dir - straight line, f/p - Ijyb
Aim: Ijyb, wielding a +0 club, wearing a +0 chain mail and carrying a wand of flame (12) (heavily wounded, fast, 65% to hit)
You shoot an arrow. The arrow barely misses Ijyb.
The arrow hits the orc but does no damage.
Ijyb hits you with a +0 club.
Fire: a) +0 shortbow
Press: ? - help, Q - select action, (/) - cycle Shift-Dir - straight line, f/p - Ijyb
Aim: Ijyb, wielding a +0 club, wearing a +0 chain mail and carrying a wand of flame (12) (moderately wounded, fast, 65% to hit)
You shoot an arrow. The arrow barely misses Ijyb.
The arrow completely misses the orc.
The arrow hits the orc.
The orc is heavily wounded.
Ijyb barely misses you. The orc hits you but does no damage. Ijyb misses you.
Fire: a) +0 shortbow
Press: ? - help, Q - select action, (/) - cycle Shift-Dir - straight line, f/p - Ijyb
Aim: Ijyb, wielding a +0 club, wearing a +0 chain mail and carrying a wand of flame (12) (moderately wounded, fast, 65% to hit)
You shoot an arrow. The arrow hits Ijyb.
Ijyb is heavily wounded.
Ijyb screams, "Me stronger than you!" Ijyb hits you with a +0 club.
* * * LOW HITPOINT WARNING * * *
The orc hits you with a +0 hand axe.
* * * LOW HITPOINT WARNING * * *
Ijyb closely misses you. The orc barely misses you.
Ijyb attacks as you move away! Ijyb closely misses you.
Ijyb zaps a wand.
The puff of flame hits you. You resist.
* * * LOW HITPOINT WARNING * * *
The orc hits you with a +0 hand axe.
You die...

#######.####.#.#
........#......#
...(............
#######...###### #.
#..### ## #...
###.######. {{ .
#..#..........#####o...
###....########o.goo....
#...........##.@#####...
.....#######....######
#..## ###......... ..
#......######## #
#..######


You could see Ijyb (fast) and 4 orcs.

Vanquished Creatures
  An orc wizard (D:3)
  Robin (D:2)
  2 adders (D:2)
  A worm (D:2)
  5 orcs
  3 ball pythons
  An endoplasm (D:2)
  A giant cockroach (D:2)
  9 goblins (D:2)
  6 hobgoblins
  4 quokkas
  3 frilled lizards
  6 kobolds
  2 rats (D:2)
45 creatures vanquished.

Vanquished Creatures (others)
  A rat (D:3)
1 creature vanquished.

Grand Total: 46 creatures vanquished

Notes
Turn   | Place    | Note
-------+----------+-------------------------------------------
     0 | D:1      | FexLirch the Formicid Hunter began the quest for the Orb.
     0 | D:1      | Reached XP level 1. HP: 16/16 MP: 1/1
   314 | D:1      | Found a faded altar of an unknown god.
   526 | D:1      | You fall into a shaft and drop 1 floor!
   543 | D:2      | Reached XP level 2. HP: 22/22 MP: 2/2
   684 | D:1      | Prayed at the altar of an unknown god.
   684 | D:1      | Became a worshipper of Makhleb the Destroyer
   684 | D:1      | Reached * piety under Makhleb
  1210 | D:2      | Reached XP level 3. HP: 25/27 MP: 3/3
  1277 | D:2      | Reached skill level 5 in Ranged Weapons
  1280 | D:2      | Noticed Robin
  1282 | D:2      | Killed Robin
  1300 | D:2      | Reached XP level 4. HP: 27/33 MP: 4/4
  1308 | D:2      | Reached ** piety under Makhleb
  1634 | D:2      | Identified the +7 trident of the Forest {protect, *Noise
                  | Will++}
  2194 | D:3      | Noticed Ijyb
  2197 | D:3      | Reached skill level 6 in Ranged Weapons
  2197 | D:3      | Reached XP level 5. HP: 38/38 MP: 5/5
  2209 | D:3      | Slain by an orc

Illustrated notes

Levels and vault maps discovered:
D:1:      shiori_arrival_oz, layout_loops_corners,
          ebering_ecumenical_altar_mist, serial_forest,
          infiniplex_forest_lined_3, infiniplex_forest_pool,
          infiniplex_forest_end_1, infiniplex_forest_clump_tiny,
          infiniplex_forest_lined_2, infiniplex_forest_pool,
          infiniplex_forest_corner_1, minivault_11
D:2:      layout_basic, minmay_quantized, uniq_robin
D:3:      layout_rooms, uniq_ijyb, uniq_natasha

Skill      XL: |  1  2  3  4 |
---------------+-------------+-----
Ranged Weapons | 5 6 |  6.1
Fighting       | |  2.1
Dodging        | |  1.7
Stealth        | |  1.2

Action                   |  1- 3 |  4- 6 || total
-------------------------+-------+-------++-------
 Fire: Shortbow          |    56 |    58 ||   114
 Abil: Dig               |     4 |     1 ||     5
Armor: Leather armour    |     4 |     5 ||     9
Dodge: Dodged            |    19 |    21 ||    40
